 Dungeon Crawl Stone Soup version 0.23.2-1-ga50397a (webtiles) character file.

Game seed: 5101572670472702122

3152 HEYYEYAAE the Spear-Bearer (level 9, -3/67 HPs)
             Began as a Demigod Gladiator on May 4, 2019.
             Slain by a killer bee (5 damage)
             ... on level 8 of the Dungeon.
             The game lasted 00:06:14 (7079 turns).

HEYYEYAAE the Spear-Bearer (Demigod Gladiator)      Turns: 7079, Time: 00:06:15

Health: -3/67      AC:  4    Str: 23    XL:     9   Next: 36%
Magic:  11/11      EV: 13    Int: 18    God:
Gold:   433        SH:  0    Dex: 14    Spells: 8/8 levels left

rFire    . . .     SeeInvis +   u - +5 war axe of Caentoc {speed, *Corrode Int+6 SInv}
rCold    . . .     Gourm    .   (no shield)
rNeg     . . .     Faith    .   t - +3 leather armour of Bad Feelings {rPois MR+++ Dex-5 Slay+2}
rPois    +         Spirit   .   q - +0 hat of Light {rPois}
rElec    .         Reflect  .   (no cloak)
rCorr    .         Harm     .   (no gloves)
MR       +++..                  (no boots)
Stlth    +.........             (no amulet)
HPRegen  0.21/turn              (no ring)
MPRegen  0.12/turn              (no ring)

@: no status effects
A: antennae 1, agile 1, deformed body, high mp 1
a: no special abilities


You were on level 8 of the Dungeon.
You were not hungry.

You visited 2 branches of the dungeon, and saw 9 of its levels.

You collected 433 gold pieces.

Inventory:

Hand Weapons
 a - a +0 trident
 u - the +5 war axe of Caentoc (weapon) {speed, *Corrode Int+6 SInv}
   (You found it on level 4 of the Dungeon)

   Attacks with this weapon are significantly faster.
   It affects your intelligence (+6).
   It lets you see invisible.
   It may corrode you when you take damage.
Missiles
 d - 3 throwing nets (quivered)
Armour
 q - the +0 hat of Light (worn) {rPois}
   (You found it on level 4 of the Dungeon)

   It protects you from poison.
 t - the +3 leather armour of Bad Feelings (worn) {rPois MR+++ Dex-5 Slay+2}
   (You found it on level 4 of the Dungeon)

   It affects your dexterity (-5).
   It affects your accuracy and damage with ranged weapons and melee attacks
   (+2).
   It protects you from poison.
   It affects your resistance to hostile enchantments.
 v - the +1 leather armour of Kiblob {Regen+ rCorr Int+5}
   (You found it on level 5 of the Dungeon)

   It affects your intelligence (+5).
   It increases your rate of regeneration.
   It provides partial protection from all sources of acid and corrosion.
Jewellery
 E - an uncursed ring of positive energy {unknown}
Wands
 p - a wand of enslavement (4)
 r - a wand of iceblast (3)
 A - a wand of flame (20)
Scrolls
 c - 3 scrolls of teleportation
 e - 5 scrolls of remove curse
 h - 3 scrolls of enchant armour
 j - 3 scrolls of fog
 m - a scroll of enchant weapon
 n - 2 scrolls of magic mapping
 y - a scroll of amnesia {unknown}
 C - a scroll of immolation {unknown}
 D - a scroll of vulnerability {unknown}
Potions
 b - a potion of mutation
 g - 3 potions of brilliance
 i - a potion of agility {unknown}
 k - 2 potions of cancellation {unknown}
 l - 5 potions of curing
 o - 4 potions of lignification {unknown}
 s - a potion of ambrosia {unknown}
 w - a potion of flight {unknown}
 x - 2 potions of might {unknown}
 z - a potion of magic {unknown}
 B - a potion of haste {unknown}
 F - a potion of invisibility {unknown}
Comestibles
 f - 10 rations


   Skills:
 - Level 1.7 Fighting
 + Level 12.4 Polearms
 - Level 1.7 Throwing
 - Level 2.6 Dodging


You had 8 spell levels left.
You didn't know any spells.
Your spell library was empty.

Dungeon Overview and Level Annotations

Branches:
Dungeon (8/15)             Temple (1/1) D:5
   Lair: D:8-11

Shops:
D:5 (


Innate Abilities, Weirdness & Mutations

You have an increased reservoir of magic. (+10% MP)
You have a pair of small antennae on your head.
You are agile. (Dex +2)
Armour fits poorly on your strangely shaped body.


Message History

The killer bee barely misses you. x2
Unknown command.
Evoke which item? (* to show all) (? for menu, Esc to quit)
Aiming: Enslavement
Press: ? - help, Shift-Dir - straight line, f/p - killer bee
Aim: a killer bee (chance to defeat MR: 54%)
The killer bee resists with significant effort.
The killer bee closely misses you.
The phantom blinks!
The killer bee stings you.
* * * LOW HITPOINT WARNING * * *
Unknown command.
Evoke which item? (* to show all) (? for menu, Esc to quit)
Aiming: Enslavement
Press: ? - help, Shift-Dir - straight line, f/p - killer bee
Aim: a killer bee (chance to defeat MR: 54%)
The killer bee resists with significant effort.
The killer bee stings you!
* * * LOW HITPOINT WARNING * * *
The killer bee stings you.
You die...

#.# #.# ... ##.## #.#
##...## #.# ##.....##
####.####.......##
#................#
#W##.###........##
#.##..##.#.....##
#@###.##.##.))##
#y###.##.####.###
##y.)...p.# #.#.##
#†.$##[#######....#
..§'.....................
...####...##.#######....#
#.......# #...##
#.####### ###.# #. #.#


You could see a phantom and 2 killer bees.

Vanquished Creatures
  Pikel (D:8)
  Menkaure (D:6)
  An orc warrior (D:7)
  A phantom (D:6)
  A sky beast (D:5)
  3 slaves (D:8)
  3 ogres
  A centaur (D:5)
  A bullfrog (D:6)
  A gnoll sergeant (D:7)
  A water moccasin zombie (D:6)
  A wyvern skeleton (D:6)
  3 scorpions
  A killer bee (D:8)
  A howler monkey (D:6)
  A vampire bat (D:6)
  4 bullfrog zombies (D:6)
  A centaur zombie (D:5)
  A jelly (D:5)
  4 centaur skeletons (D:6)
  3 orc priests
  4 bullfrog skeletons
  6 hounds
  7 orc wizards
  4 worker ants
  2 killer bee zombies (D:6)
  2 hound zombies (D:6)
  2 hound skeletons (D:6)
  Robin (D:2)
  6 gnolls
  2 howler monkey zombies
  5 worker ant zombies (D:6)
  A howler monkey skeleton (D:6)
  13 adders
  A shadow imp (D:5)
  An ooze (D:3)
  3 adder zombies (D:6)
  A worm (D:3)
  4 dart slugs
  5 leopard geckos
  19 orcs
  2 bat skeletons (D:6)
  3 bat zombies (D:6)
  6 giant cockroaches
  11 goblins
  13 hobgoblins
  10 jackals
  3 quokkas
  5 ball pythons
  A ball python skeleton (D:6)
  7 bats
  5 frilled lizards
  A giant cockroach zombie (D:6)
  10 kobolds
  2 leopard gecko zombies (D:6)
  3 quokka zombies (D:6)
  10 rats
216 creatures vanquished.

Notes
Turn   | Place    | Note
-------+----------+-------------------------------------------
     0 | D:1      | HEYYEYAAE the Demigod Gladiator began the quest for the
                  | Orb.
     0 | D:1      | Reached XP level 1. HP: 17/17 MP: 3/3
    58 | D:1      | Reached skill level 3 in Polearms
   178 | D:1      | Reached XP level 2. HP: 22/24 MP: 4/4
   593 | D:2      | Reached XP level 3. HP: 28/29 MP: 5/5
   643 | D:2      | Reached skill level 4 in Polearms
   679 | D:2      | Noticed Robin
   685 | D:2      | Killed Robin
  1034 | D:2      | Reached XP level 4. HP: 33/36 MP: 6/6
  1037 | D:2      | Found a hide-covered altar of Uskayaw.
  1058 | D:2      | Found a faded altar of an unknown god.
  1208 | D:2      | Found a basalt altar of Yredelemnul.
  1226 | D:2      | Found a stormy altar of Qazlal.
  1229 | D:2      | Found a hazy altar of Hepliaklqana.
  1747 | D:3      | Found an ornate altar of the Wu Jian Council.
  1770 | D:3      | Reached skill level 5 in Polearms
  1963 | D:3      | Reached XP level 5. HP: 30/41 MP: 7/7
  2109 | D:3      | Found a shadowy altar of Dithmenos.
  2116 | D:3      | Reached skill level 6 in Polearms
  2193 | D:3      | Found a sacrificial altar of Ru.
  2615 | D:4      | Reached XP level 6. HP: 26/48 MP: 8/8
  2765 | D:4      | Found a glowing silver altar of Zin.
  2768 | D:4      | Found a blossoming altar of Fedhas.
  2806 | D:4      | Found a bloodstained altar of Trog.
  2837 | D:4      | Got an ancient hat
  2848 | D:4      | Identified the +0 hat of Light {rPois} (You found it on
                  | level 4 of the Dungeon)
  3521 | D:4      | Got a distressingly furry leather armour
  3529 | D:4      | Got a transparent war axe
  3540 | D:4      | Identified the +3 leather armour of Bad Feelings {rPois
                  | MR+++ Dex-5 Slay+2} (You found it on level 4 of the
                  | Dungeon)
  3541 | D:4      | Identified the +5 war axe of Caentoc {speed, *Corrode Int+6
                  | SInv} (You found it on level 4 of the Dungeon)
  3581 | D:5      | Entered Level 5 of the Dungeon
  3621 | D:5      | Reached skill level 7 in Polearms
  3641 | D:5      | Found Igosem's Antique Weapon Boutique.
  3950 | D:5      | Reached XP level 7. HP: 39/53 MP: 9/9
  4074 | D:5      | Reached skill level 8 in Polearms
  4140 | D:5      | Found a staircase to the Ecumenical Temple.
  4428 | D:5      | Got a fine leather armour
  4429 | D:5      | Identified the +1 leather armour of Kiblob {Regen+ rCorr
                  | Int+5} (You found it on level 5 of the Dungeon)
  4644 | D:6      | Reached skill level 9 in Polearms
  4889 | Temple   | Entered the Ecumenical Temple
  4919 | D:6      | Reached XP level 8. HP: 51/60 MP: 10/10
  4982 | D:6      | Reached skill level 10 in Polearms
  5206 | D:6      | Noticed Menkaure
  5211 | D:6      | Killed Menkaure
  5347 | D:6      | Reached skill level 11 in Polearms
  5433 | D:6      | Found an ancient bone altar of Kikubaaqudgha.
  5777 | D:6      | Found a radiant altar of Vehumet.
  5889 | D:7      | Found a deep blue altar of Sif Muna.
  6095 | D:7      | Reached XP level 9. HP: 51/67 MP: 11/11
  6295 | D:7      | Found a white marble altar of Elyvilon.
  6493 | D:7      | Found a radiant altar of Vehumet.
  7045 | D:8      | Noticed Pikel
  7063 | D:8      | Killed Pikel
  7063 | D:8      | Reached skill level 12 in Polearms
  7074 | D:8      | Gained mutation: You are agile. (Dex +2) [potion of
                  | mutation]
  7074 | D:8      | Gained mutation: Armour fits poorly on your strangely
                  | shaped body. [potion of mutation]
  7074 | D:8      | Gained mutation: You have a pair of small antennae on your
                  | head. [potion of mutation]
  7079 | D:8      | HP: 2/67 [killer bee (7)]
  7079 | D:8      | Slain by a killer bee

Skill      XL: |  1  2  3  4  5  6  7  8  9 |
---------------+----------------------------+-----
Polearms       | 3 4 5 6 7 9 11 12 | 12.4
Fighting       | |  1.7
Throwing       | |  1.7
Dodging        | |  2.6

Action                   |  1- 3 |  4- 6 |  7- 9 || total
-------------------------+-------+-------+-------++-------
Melee: Trident           |   129 |   226 |       ||   355
       War axe           |       |    35 |   273 ||   308
Evoke: Wand              |       |       |     4 ||     4
  Use: Scroll            |       |       |     8 ||     8
       Potion            |       |       |     2 ||     2
 Stab: Sleeping          |     2 |       |       ||     2
  Eat: Chunk             |       |    10 |    10 ||    20
Armor: Leather armour    |     5 |     7 |    77 ||    89
       Chain mail        |    45 |    88 |       ||   133
Dodge: Dodged            |    48 |    81 |   140 ||   269
